 Dungeon Crawl Stone Soup version 0.27-a0-1188-g73eefd5def (webtiles) character file.

Game seed: 15591405265608946795

16 ZappyNine the Sneak (level 2, -2/15 HPs)
             Began as a Kobold Venom Mage on May 20, 2021.
             Slain by a kobold
             ... wielding a +0 dagger
              (4 damage)
             ... on level 1 of the Dungeon.
             The game lasted 00:01:57 (592 turns).

ZappyNine the Sneak (Kobold Venom Mage)              Turns: 592, Time: 00:01:58

Health: -2/15      AC:  2    Str:  5    XL:     2   Next: 70%
Magic:  4/5        EV: 15    Int: 16    God:
Gold:   38         SH:  0    Dex: 15    Spells: 2/5 levels left

rFire    . . .     SeeInvis .   c - +0 dagger
rCold    . . .     Faith    .   (shield restricted)
rNeg     . . .     Spirit   .   a - +0 robe
rPois    .         Reflect  .   (no helmet)
rElec    .         Harm     .   (no cloak)
rCorr    .         Rampage  .   (no gloves)
Will     .....                  (no boots)
Stlth    ++++......             (no amulet)
HPRegen  0.05/turn              (no ring)
MPRegen  0.09/turn              (no ring)

@: attractive
A: small, no large weapons, nightstalker 3
a: no special abilities


You were on level 1 of the Dungeon.
You visited 1 branch of the dungeon, and saw 1 of its levels.

You collected 38 gold pieces.

Inventory:

Hand Weapons
 c - a +0 dagger (weapon)
Armour
 a - a +0 robe (worn)
Potions
 d - a potion of curing {unknown}


   Skills:
 - Level 2.4 Dodging
 + Level 4.4 Stealth
 - Level 2.1 Spellcasting
 - Level 1.0 Transmutations
 - Level 3.0 Poison Magic


You had 2 spell levels left.
You knew the following spells:

 Your Spells              Type           Power      Damage    Failure   Level
a - Sting                 Tmut/Pois      32%        1d4       9%          1
b - Poisonous Vapours     Pois/Air       12%        N/A       17%         2

Your spell library contained the following spells:

 Spells                   Type           Power      Damage    Failure   Level
 Ignite Poison            Fire/Tmut/Pois 6%         N/A       34%         3
 Mephitic Cloud           Conj/Pois/Air  4%         N/A       38%         3
 Olgreb's Toxic Radiance  Pois           11%        N/A       52%         4


Dungeon Overview and Level Annotations

Branches:
Dungeon (1/15)

Altars:


Innate Abilities, Weirdness & Mutations

You are small and have problems with some larger weapons.
You are completely attuned to the shadows.


Message History

You see here a purple potion.
You see here a bat corpse.
A ball python comes into view.
Casting: Poisonous Vapours (safe; 17% risk of failure)
Confirm with . or Enter, or press ? or * to list all spells.
Aiming: Poisonous Vapours (safe; 17% risk of failure)
Press: ? - help, Dir - move target, f - kobold
Aim: a kobold, wielding a +0 dagger (severely wounded)
You miscast Poisonous Vapours.
You are very lightly contaminated with residual magic.
Nothing appears to happen.
The kobold misses you.
You see here a frilled lizard corpse.
Casting: Poisonous Vapours (safe; 17% risk of failure)
Confirm with . or Enter, or press ? or * to list all spells.
You don't know that spell.
You barely miss the kobold.
The kobold is severely wounded.
The kobold misses you.
You hit the kobold but do no damage.
The kobold is severely wounded.
The kobold hits you with a +0 dagger. The frilled lizard closely misses you.
You hit the kobold but do no damage.
The kobold is severely wounded.
The kobold barely misses you. The frilled lizard closely misses you.
You hit the kobold but do no damage.
The kobold is severely wounded.
The kobold completely misses you. The frilled lizard closely misses you.
The goblin misses you. The kobold hits you with a +0 dagger.
* * * LOW HITPOINT WARNING * * *
The frilled lizard bites you.
* * * LOW HITPOINT WARNING * * *
Your magical contamination has completely faded away.
The kobold barely misses you. The kobold hits you but does no damage.
The frilled lizard bites you but does no damage.
It was a potion of attraction.
You feel attractive to monsters. The kobold hits you with a +0 dagger.
You die...

#.....#### #####.#.....#
#†>......###########...#........
##.....#................#........
.......#.#..............#........
.........#..............##''###++
...........)............#......
..................†..####.###.#
....... ......lK...# #.....#
....... ......@g...# #.####
....... ...†..###### #.# .......
(.....# #.# ....... ......# #.#
....... ...##†#########.# .......
S##..........##.# #.#.##.
#....!.....##.# #.#.##
#..........##.# ......
.......†.....##.#


You could see a goblin, a kobold and a frilled lizard.

Vanquished Creatures
  A dart slug (D:1)
  2 bats (D:1)
  3 hobgoblins (D:1)
  A kobold (D:1)
  2 quokkas (D:1)
  A frilled lizard (D:1)
  3 rats (D:1)
13 creatures vanquished.

Notes
Turn   | Place    | Note
-------+----------+-------------------------------------------
     0 | D:1      | ZappyNine the Kobold Venom Mage began the quest for the
                  | Orb.
     0 | D:1      | Reached XP level 1. HP: 10/10 MP: 3/3
    85 | D:1      | Reached skill level 3 in Stealth
   188 | D:1      | Reached XP level 2. HP: 8/15 MP: 1/5
   333 | D:1      | Learned a level 2 spell: Poisonous Vapours
   338 | D:1      | Reached skill level 4 in Stealth
   592 | D:1      | Slain by a kobold

Illustrated notes

Levels and vault maps discovered:
D:1:      lemuel_arrival_behind_the_door_large, layout_rooms,
          shapermc_ecumenical_altar_mp_highgroup, hangedman_decor_peaks_small

Skill      XL: |  1  2 |
---------------+-------+-----
Stealth        | 3 4 |  4.4
Dodging        | |  2.4
Spellcasting   | |  2.1
Transmutations | |  1.0
Poison Magic   | |  3.0

Action                   || total
-------------------------++-------
Melee: Unarmed           ||     7
       Dagger            ||    22
       Short sword       ||     5
 Cast: Sting             ||     9
       Poisonous Vapours ||     2
  Use: Potion            ||     1
 Stab: Sleeping          ||     4
Armor: Robe              ||    12
Dodge: Dodged            ||    41

Table legend: (Time is in decaauts)
 A = Elapsed time spent in this place.
 B = Non-inter-level travel time spent in this place.
 C = Inter-level travel time spent in this place.
 D = Time resting spent in this place.
 E = Time spent auto-exploring this place.
 F = Levels seen in this place.
 G = Mean time per level.
                   A        B        C        D        E       F      G
               +--------+--------+--------+--------+--------+-----+--------+
         Total |    591 |    584 |      7 |     71 |    386 |   1 |  591.0 |
       Dungeon |    591 |    584 |      7 |     71 |    386 |   1 |  591.0 |
               +--------+--------+--------+--------+--------+-----+--------+

Top non-repeatable levels by time:
     D:1: 591 daAuts
